 Dungeon Crawl Stone Soup version 0.28-b1-25-g9875b3fc8c (webtiles) character file.

Game seed: 12601892729829900140

7 belegose the Skirmisher (level 1, 0/18 HPs)
             Began as a Demonspawn Cinder Acolyte on Feb 1, 2022.
             Was a High Priest of Ignis.
             Slain by a quokka (2 damage)
             ... on level 1 of the Dungeon.
             The game lasted 00:00:54 (424 turns).

belegose the Skirmisher (Demonspawn Cinder Acolyte)  Turns: 424, Time: 00:00:55

Health: 0/18       AC:  5    Str: 14    XL:     1   Next: 83%
Magic:  2/2        EV: 10    Int: 15    God:    Ignis [*****.]
Gold:   13         SH:  0    Dex:  8    Spells: 2/2 levels left

rFire   + . .      SeeInvis .   a - -1 mace (flame)
rCold   . . .      Faith    .   (no shield)
rNeg    . . .      Spirit   .   d - +0 ring mail
rPois   .          Reflect  .   (no helmet)
rElec   .          Harm     .   (no cloak)
rCorr   .          Rampage  .   (no gloves)
Will    .....                   (no boots)
Stlth   ..........              (no amulet)
HPRegen 0.06/turn               (no ring)
MPRegen 0.08/turn               (no ring)

@: no status effects
A: no striking features
a: Renounce Religion, Fiery Armour, Foxfire Swarm, Rising Flame


You were on level 1 of the Dungeon.
You worshipped Ignis.
Ignis was extremely pleased with you.
You visited 1 branch of the dungeon, and saw 1 of its levels.

You collected 13 gold pieces.

Inventory:

Hand Weapons
 a - a -1 mace of flaming (weapon)
Missiles
 c - 24 stones (quivered)
Armour
 d - a +0 ring mail (worn)
Scrolls
 b - a scroll of noise {unknown}


   Skills:
 + Level 3.1 Fighting
 + Level 2.8 Maces & Flails
 + Level 0.2 Armour
 - Level 0.3 Dodging
 - Level 1.0 Spellcasting
 - Level 2.6 Fire Magic


You had 2 spell levels left.
You didn't know any spells.
Your spell library contained the following spells:

 Spells                   Type           Power      Damage    Failure   Level
 Scorch                   Fire           16%        2d5       26%         2


Dungeon Overview and Level Annotations

Branches:
Dungeon (1/15)

Altars:


Message History

Found a stone staircase leading down.
The kobold throws a stone.
The stone hits you but does no damage.
You hit the quokka. You burn the quokka.
The quokka is heavily wounded.
The quokka bites you. x2; The quokka barely misses you.
The quokka bites you but does no damage.
The quokka barely misses you. The quokka closely misses you.
The quokka bites you. The quokka barely misses you.
The quokka closely misses you. The quokka barely misses you.
You hit the quokka but do no damage.
The quokka is heavily wounded.
The quokka closely misses you.
You miss the quokka.
The quokka is heavily wounded.
The quokka bites you but does no damage. x2
You barely miss the quokka.
The quokka is heavily wounded.
The quokka bites you.
You hit the quokka. You burn the quokka.
You kill the quokka!
You barely miss the kobold. The kobold hits you with a +0 whip.
The kobold misses you.
You hit the kobold but do no damage. The kobold barely misses you.
You completely miss the kobold. The kobold hits you but does no damage.
You barely miss the kobold. The kobold hits you with a +0 whip.
You barely miss the kobold. The kobold barely misses you. x2
You hit the kobold. You burn the kobold.
The kobold is heavily wounded.
The kobold hits you but does no damage.
You hit the kobold. You burn the kobold.
You kill the kobold!
The quokka bites you but does no damage.
You closely miss the quokka. The quokka bites you.
* * * LOW HITPOINT WARNING * * *
The quokka bites you.
* * * LOW HITPOINT WARNING * * *
You closely miss the quokka. The quokka bites you.
You die...

.. ....# #.........
#. ..#.# ...#..<..#
.. ... ##...## .
... ##### #.... ..
.#.# #.## ..# #...
#.# #.## #@#
.#..#.## #r#
........ #.#####
.#########
##.....##..# #
#.......##..# ##
#...##...##..# ##.
#...##.#..##..###..
#..........##..#..#
#.........> #...##


You could see a quokka.

Vanquished Creatures
  A hobgoblin (D:1)
  A kobold (D:1)
  2 quokkas (D:1)
  A ball python (D:1)
  A frilled lizard (D:1)
6 creatures vanquished.

Notes
Turn   | Place    | Note
-------+----------+-------------------------------------------
     0 | D:1      | belegose the Demonspawn Cinder Acolyte began the quest for
                  | the Orb.
     0 | D:1      | Reached XP level 1. HP: 18/18 MP: 2/2
   424 | D:1      | Slain by a quokka

Illustrated notes

Levels and vault maps discovered:
D:1:      dpeg_chamrin_arrival_tetris, layout_basic

Action                   || total
-------------------------++-------
Melee: Mace              ||    26
Armor: Ring mail         ||    10
       Robe              ||     1
Dodge: Dodged            ||    19
